 Dungeon Crawl Stone Soup version 0.24-a0-203-gf0bc1e9 (webtiles) character file.

Game seed: 8093072775501498145

1628 Rabid the Covered (level 9, -15/69 HPs)
             Began as a Formicid Abyssal Knight on Mar 27, 2019.
             Was a Priest of Lugonu.
             Demolished by an ogre
             ... wielding a +0 giant club
              (21 damage)
             ... on level 7 of the Dungeon.
             The game lasted 00:17:17 (4355 turns).

Rabid the Covered (Formicid Abyssal Knight)         Turns: 4355, Time: 00:17:17

Health: -15/69     AC: 10    Str: 17    XL:     9   Next: 17%
Magic:  10/10      EV:  9    Int: 12    God:    Lugonu [***...]
Gold:   316        SH:  4    Dex: 10    Spells: 8/8 levels left

rFire    + . .     SeeInvis +   a - +1 falchion
rCold    . . .     Gourm    .   (no shield)
rNeg     . . .     Faith    .   s - +1 scale mail {rF+}
rPois    .         Spirit   .   (helmet unavailable)
rElec    .         Reflect  +   (no cloak)
rCorr    .         Harm     .   f - +0 pair of gloves
MR       .....                  F - +0 pair of boots
Stlth    ..........             j - +4 amulet of reflection
HPRegen  0.21/turn              i - -3 ring of strength (curse)
MPRegen  0.12/turn              (no ring)

@: heavily drained
A: permanent stasis, dig shafts and tunnels, four strong arms, antennae 3
a: Dig, Shaft Self, Depart the Abyss, Bend Space, Banish, Renounce Religion


You were on level 7 of the Dungeon.
You worshipped Lugonu.
Lugonu was most pleased with you.
You were not hungry.

You visited 1 branch of the dungeon, and saw 6 of its levels.
You visited the Abyss 1 time.

You collected 316 gold pieces.

Inventory:

Hand Weapons
 a - a +1 falchion (weapon)
 n - a +0 short sword of venom
 o - a +0 blowgun
 p - a +2 dagger of venom
 B - a +2 dagger of draining
Missiles
 q - 8 poisoned needles
Armour
 f - a +0 pair of gloves (worn)
 s - a +1 scale mail of fire resistance (worn)
 A - a +3 leather armour of cold resistance
 F - a +0 pair of boots (worn)
Jewellery
 b - a cursed -5 ring of dexterity {unknown}
 i - a cursed -3 ring of strength (left hand)
 j - a +4 amulet of reflection (around neck)
Wands
 z - a wand of clouds (2)
Scrolls
 e - 3 scrolls of identify
 g - 2 scrolls of enchant armour
 k - 3 scrolls of teleportation
 r - 3 scrolls of remove curse
 t - 2 scrolls of enchant weapon
 w - a scroll of blinking {unknown}
 y - a scroll of noise {unknown}
Potions
 m - a potion of agility
Comestibles
 c - 5 rations


   Skills:
 + Level 6.2(4.5) Fighting
 + Level 5.6(4.9) Short Blades
 + Level 5.3(4.8) Long Blades
 + Level 6.8(5.1) Armour
 - Level 0.8(0.0) Dodging
 + Level 2.4(0.8) Invocations
 - Level 0.8(0.0) Evocations


You had 8 spell levels left.
You didn't know any spells.
Your spell library contained the following spells:

 Spells                   Type           Power        Failure   Level  Hunger
 Magic Dart               Conj           #...         71%         1    ##.....
 Call Imp                 Summ           #.......     83%         2    ###....
 Slow                     Hex            #.......     83%         2    ###....
 Conjure Flame            Conj/Fire      #.......     97%         3    ####...
 Mephitic Cloud           Conj/Pois/Air  #.......     97%         3    ####...
 Blink                    Tloc           Unusable     N/A         2    N/A

Dungeon Overview and Level Annotations

Branches:
Dungeon (5/15)
 Temple: D:4-7

Altars:
Gozag
Makhleb
Vehumet

Annotations:
D:1 exclusion: 2 downstairs
D:2 Terence
D:4 exclusion: downstairs
D:5 Menkaure


Innate Abilities, Weirdness & Mutations

You cannot be hasted, slowed, berserked, paralysed or teleported.
You can dig through walls and to a lower floor.
Your four strong arms can wield two-handed weapons with a shield.
You have a pair of large antennae on your head. (SInv)


Message History

You feel drained.
* * * LOW HITPOINT WARNING * * *
The wight freezes you.
* * * LOW HITPOINT WARNING * * *
The wight barely misses you.
An ogre comes into view. It is wielding a +0 giant spiked club.
The ogre shouts!
An ogre comes into view. It is wielding a +0 giant club.
The ogre shouts!
Something shouts, "Bolt, thou craven ill-breeding fleecer!"
The ogre closely misses you.
A shadow imp comes into view.
The shadow imp shouts!
A bullfrog skeleton comes into view.
The shadow imp sputters.
The shadow imp gestures at you. Pain shoots through your body!
* * * LOW HITPOINT WARNING * * *
The ogre hits you with a +0 giant club!!
You die...

#.....#.....
#.....#.....
#.....# ####
+.....# #.....#
#.....# #zO...#
#zO...# #.@...#
#.....5........
#.....Z........
#..............
#..............
#..............
...............
...............


You could see 2 ogres, 2 wights, a shadow imp and a bullfrog skeleton.

Vanquished Creatures
  Harold (D:7)
  A sky beast (D:5)
  2 ogres (D:4)
  3 wights (D:7)
  2 howler monkeys
  A crimson imp (D:3)
  2 orc priests
  2 hounds
  An orc wizard (D:3)
  Ijyb (D:4)
  A worker ant (D:4)
  2 howler monkey skeletons (D:4)
  5 adders
  4 oozes
  An adder skeleton (D:5)
  3 worms
  2 dart slugs
  2 leopard geckos
  20 orcs
  8 bats
  15 giant cockroaches
  7 goblins
  2 hobgoblins
  4 jackals
  3 quokkas
  7 frilled lizards
  7 kobolds
  10 rats
119 creatures vanquished.

Vanquished Creatures (others)
  4 toadstools (D:1)
4 creatures vanquished.

Grand Total: 123 creatures vanquished

Notes
Turn   | Place    | Note
-------+----------+-------------------------------------------
     0 | Abyss:1  | Rabid the Formicid Abyssal Knight began the quest for the
                  | Orb.
     0 | Abyss:1  | Reached XP level 1. HP: 18/18 MP: 2/2
    72 | Abyss:1  | Noticed a neqoxec
    79 | Abyss:1  | Noticed a crimson imp
    84 | Abyss:1  | Noticed a sixfirhy
   101 | Abyss:1  | Noticed a large abomination
   104 | D:1      | Escaped the Abyss
   274 | D:1      | Reached * piety under Lugonu
   274 | D:1      | Reached XP level 2. HP: 15/24 MP: 3/3
   585 | D:1      | Reached XP level 3. HP: 27/30 MP: 4/4
  1108 | D:2      | Noticed Terence
  1312 | D:2      | Reached XP level 4. HP: 37/37 MP: 5/5
  1464 | D:2      | Noticed a phantom
  1818 | D:3      | Reached ** piety under Lugonu
  1849 | D:3      | Reached XP level 5. HP: 37/43 MP: 6/6
  1921 | D:3      | Reached XP level 6. HP: 41/49 MP: 7/7
  2111 | D:3      | Found a radiant altar of Vehumet.
  2115 | D:3      | Found a burning altar of Makhleb.
  2467 | D:4      | Noticed an ogre
  2483 | D:4      | Killed an ogre
  2483 | D:4      | Reached XP level 7. HP: 55/55 MP: 8/8
  2512 | D:4      | Noticed Ijyb
  2525 | D:4      | Killed Ijyb
  2525 | D:4      | Reached skill level 1 in Short Blades
  2525 | D:4      | Reached skill level 5 in Long Blades
  2530 | D:4      | Reached *** piety under Lugonu
  2534 | D:4      | Reached skill level 5 in Fighting
  3037 | D:4      | Found an opulent altar of Gozag.
  3255 | D:5      | Entered Level 5 of the Dungeon
  3260 | D:5      | Noticed Menkaure
  3824 | D:5      | Reached skill level 5 in Armour
  3824 | D:5      | Reached XP level 8. HP: 47/62 MP: 9/9
  3956 | D:5      | You fall through a shaft for 2 floors!
  3956 | D:7      | Noticed Harold
  3978 | D:7      | Killed Harold
  3978 | D:7      | Reached skill level 5 in Short Blades
  3978 | D:7      | Reached XP level 9. HP: 13/69 MP: 10/10
  4355 | D:7      | Demolished by an ogre

Levels and vault maps discovered:
D:1:      ldierk_walled_garden_2, layout_basic, minmay_heptomino_l4
D:2:      layout_loops_ring, uniq_terence
D:3:      minmay_roachtagon, layout_rooms,
          grunt_temple_overflow_lords_of_destruction
D:4:      layout_cave_pools, grunt_gozag_breadcrumbs, uniq_ijyb
D:5:      layout_basic, first_ration, uniq_menkaure, uniq_eustachio
D:7:      layout_gridville, nicolae_ru_path_of_blood, lemuel_doored_altar,
          uniq_harold
Abyss:1

Skill      XL: |  1  2  3  4  5  6  7  8 |
---------------+-------------------------+-----
Fighting       | 4 5 6 |  6.2
Long Blades    | 3 4 5 |  5.3
Armour         | 3 4 5 6 |  6.8
Short Blades   | 2 5 |  5.6
Dodging        | |  0.8
Invocations    | |  2.4
Evocations     | |  0.8

Action                   |  1- 3 |  4- 6 |  7- 9 || total
-------------------------+-------+-------+-------++-------
Melee: Falchion          |   104 |    59 |    34 ||   197
       Dagger            |       |    87 |   181 ||   268
Invok: Depart the Abyss  |     1 |       |       ||     1
 Abil: Shaft Self        |       |       |     2 ||     2
Evoke: Wand              |       |       |     4 ||     4
  Use: Scroll            |       |       |     7 ||     7
       Potion            |       |       |    10 ||    10
  Eat: Chunk             |     1 |     4 |     5 ||    10
       Ration            |       |       |     1 ||     1
Armor: Ring mail         |    32 |    30 |       ||    62
       Scale mail        |       |    33 |    52 ||    85
       Skin              |       |       |     4 ||     4
Dodge: Dodged            |    64 |    71 |    72 ||   207
Block: Other             |    12 |    21 |    26 ||    59
       Rpst.: Falchion   |    20 |    10 |     4 ||    34

Table legend:
 A = Non-vault XP
 B = Vault XP
 C = Vault XP percentage of total XP
 D = Non-vault monster count
 E = Vault monster count
 F = Vault count percentage of total count
                 A         B        C        D         E       F
            +---------+---------+-------+---------+---------+-------
      Total |    1187 |    1139 |  49.0 |     102 |      17 |  14.3
            +---------+---------+-------+---------+---------+-------
        D:1 |      34 |       6 |  15.0 |      18 |       4 |  18.2
        D:2 |      55 |       0 |   0.0 |      18 |       0 |   0.0
        D:3 |     233 |      66 |  22.1 |      25 |      11 |  30.6
        D:4 |     409 |      39 |   8.7 |      17 |       1 |   5.6
        D:5 |     277 |       0 |   0.0 |      20 |       0 |   0.0
        D:7 |     179 |    1028 |  85.2 |       4 |       1 |  20.0
            +---------+---------+-------+---------+---------+-------
